 Dungeon Crawl Stone Soup version 0.30.0-5-g1a98f26d00 (webtiles) character file.

Game seed: 4792045390806999908

196 Edyrem the Shield-Bearer (level 6, -1/49 HPs)
             Began as a Formicid Fighter on May 10, 2023.
             Slain by a quasit (2 damage)
             ... on level 3 of the Dungeon.
             The game lasted 00:07:10 (2787 turns).

Edyrem the Shield-Bearer (Formicid Fighter)         Turns: 2787, Time: 00:07:11

Health: -1/49      AC:  8    Str: 23    XL:     6   Next: 4%
Magic:  6/6        EV:  2    Int:  7    God:
Gold:   91         SH:  0    Dex: -3 (13) Spells: 5/5 levels left

rFire   . . .        a - +0 trident
rCold   . . .        c - +0 buckler
rNeg    . . .        b - +0 scale mail
rPois   .            (helmet unavailable)
rElec   .            s - +0 cloak
rCorr   .            (no gloves)
SInv    +            (no boots)
Will    +....        (no amulet) Stlth
                     v - ring of willpower
HPRegen 0.28/turn    u - +5 ring of evasion
MPRegen 0.10/turn

%: no passive effects
@: mighty, slowed, lost dexterity, very slow
A: permanent stasis, dig shafts and tunnels, antennae 3, four strong arms
a: Dig, Shaft Self


You were on level 3 of the Dungeon.
You visited 1 branch of the dungeon, and saw 3 of its levels.

You collected 91 gold pieces.

Inventory:

Hand Weapons
 a - a +0 trident (weapon)
 l - a +0 spear
Missiles
 f - 4 poisoned darts (quivered)
 t - 5 javelins
Armour
 b - a +0 scale mail (worn)
 c - a +0 buckler (worn)
 s - a +0 cloak (worn)
Jewellery
 i - a ring of magical power
 u - a +5 ring of evasion (right hand)
 v - a ring of willpower (left hand)
Scrolls
 g - 2 scrolls of blinking
 j - 2 scrolls of teleportation {unknown}
 m - a scroll of noise {unknown}
 n - a scroll of vulnerability {unknown}
 o - 4 scrolls of identify {@r1}
Potions
 e - a potion of resistance {unknown}
 h - a potion of curing {@q2}
 k - 2 potions of lignification
 p - a potion of heal wounds {unknown}
 q - a potion of flight {unknown}
 r - a potion of degeneration {unknown}


   Skills:
 + Level 4.7 Fighting
 * Level 4.2 Polearms
 - Level 3.2 Armour
 + Level 5.0 Shields


You had 5 spell levels left.
You didn't know any spells.
Your spell library contained the following spells:

 Spells                   Type           Power      Damage    Failure   Level
 Apportation              Tloc           0%         N/A       80%         1
 Necrotise                Necr           0%         1d4       80%         1
 Summon Small Mammal      Summ           0%         N/A       80%         1
 Poisonous Vapours        Pois/Air       0%         N/A       91%         2
 Mephitic Cloud           Conj/Pois/Air  0%         N/A       99%         3
 Alistair's Intoxication  Tmut/Pois      0%         N/A       100%        5
 Freezing Cloud           Conj/Ice/Air   0%         6-21      100%        5


Dungeon Overview and Level Annotations

Branches:
Dungeon (3/15)

Altars:
Dithmenos
Kikubaaqudgha
Sif Muna

Shops:
D:3 =

Annotations:
D:3 1 transporter, shieva542's ghost, weakling MiBe


Innate Abilities, Weirdness & Mutations

You cannot be hasted, slowed, berserked, paralysed or teleported.
You can dig through walls and to a lower floor.
You have a pair of large antennae on your head. (SInv)
Your four strong arms can wield two-handed weapons with a shield.


Message History

The quasit barely misses you.
The quasit claws you but does no damage.
The quasit barely misses you.
Shieva542's ghost hits you but does no damage.
The quasit bites you but does no damage.
The quasit claws you but does no damage. x2
The quasit barely misses you.
The quasit claws you but does no damage. x2
You closely miss shieva542's ghost.
Shieva542's ghost is lightly damaged.
You feel less wooden.
Your +0 cloak unmelds from your body.
Your +0 scale mail unmelds from your body.
The quasit bites you but does no damage.
The quasit claws you but does no damage. x2
The quasit bites you but does no damage.
The quasit claws you but does no damage.
The quasit claws you.
* * * LOW HITPOINT WARNING * * *
You feel clumsy. Shieva542's ghost hits you.
* * * LOW HITPOINT WARNING * * *
Shieva542's ghost hits you.
* * * LOW HITPOINT WARNING * * *
The quasit bites you but does no damage.
The quasit claws you but does no damage. x2
The quasit bites you but does no damage.
The quasit claws you but does no damage. x2
You puncture shieva542's ghost!
Shieva542's ghost is heavily damaged.
The quasit bites you but does no damage.
The quasit claws you but does no damage. x2
The quasit bites you but does no damage.
The quasit claws you.
* * * LOW HITPOINT WARNING * * *
The quasit claws you but does no damage.
Shieva542's ghost whispers, "Meet the emptiness of death!"
Shieva542's ghost hits you but does no damage.
The quasit bites you.
You die...

##.####.#....####.©.####.........
#### #.....##..#####{.###...#..#
### #.#...#.....$$..#..##..#..#
..## #.#..##.##..=###....#..#...
#..# #.#..#.....#.....#.##..#..#
##'####.#..#©.##..©..#$..#......#
..#..##.#..#......#..##..#..##..#
..#..#..#..##..W#5..#....#..##.##
##'..'.##...#...@#......##.###...
+.#..####.#.#####5.###.##...##.##
#.#..####.#.....####©###....##.#
#.'##'......................##.##
#.#†.#....##.##.####........##.##
+.#..#######.##.####........##.##
##'..'......................##.##
..#..#......................##.##
..#..#####.#.##.###.#............


You could see 2 quasits and shieva542's ghost.

Vanquished Creatures
  A quasit (D:3)
  Crazy Yiuf (D:3)
  A gnoll (D:2)
  3 adders (D:3)
  3 worms (D:3)
  A dart slug (D:2)
  5 bats
  9 endoplasms
  6 giant cockroaches
  4 goblins
  13 hobgoblins
  4 jackals (D:2)
  6 kobolds
  3 quokkas
  6 ball pythons
  7 frilled lizards
  7 rats
80 creatures vanquished.

Notes
Turn   | Place    | Note
-------+----------+-------------------------------------------
     0 | D:1      | Edyrem the Formicid Fighter began the quest for the Orb.
     0 | D:1      | Reached XP level 1. HP: 18/18 MP: 1/1
   167 | D:1      | Reached XP level 2. HP: 21/24 MP: 2/2
   231 | D:1      | Noticed a great orb of eyes
   233 | D:1      | Found a faded altar of an unknown god.
   235 | D:1      | Noticed a floating eye
   240 | D:1      | Noticed an eye of devastation
   245 | D:1      | Noticed an eye of devastation
   405 | D:1      | Reached XP level 3. HP: 20/30 MP: 3/3
  1246 | D:2      | Reached XP level 4. HP: 37/37 MP: 4/4
  1558 | D:3      | Found an ancient bone altar of Kikubaaqudgha.
  1691 | D:3      | Noticed shieva542's ghost (weakling MiBe)
  1766 | D:3      | Reached XP level 5. HP: 43/43 MP: 5/5
  1882 | D:3      | Found a transporter.
  1999 | D:3      | Found a shimmering blue altar of Sif Muna.
  2009 | D:3      | Found Beaream's Jewellery Emporium.
  2143 | D:3      | Found a runed translucent door.
  2144 | D:3      | Noticed Crazy Yiuf
  2155 | D:3      | Killed Crazy Yiuf
  2372 | D:3      | Found a shadowy altar of Dithmenos.
  2439 | D:3      | Found a transporter.
  2776 | D:3      | Lost dexterity.
  2783 | D:3      | Reached skill level 5 in Shields
  2783 | D:3      | Reached XP level 6. HP: 19/49 MP: 6/6
  2786 | D:3      | HP: 2/49 [shieva542's ghost (1)]
  2787 | D:3      | Slain by a quasit

Illustrated notes

Levels and vault maps discovered:
D:1:      dpeg_arrival_round_b, layout_basic,
          hellmonk_ecumenical_altar_watching_god
D:2:      minmay_inner_zag, layout_basic, serial_bayou_lagoon_a
D:3:      layout_basic, mainiacjoe_overflow_24_doors, mainiacjoe_overflow_paths,
          nicolae_sif_muna_condensation, serial_shops, shop,
          gammafunk_ghost_stat_death, uniq_crazy_yiuf_cottage

Skill      XL: |  1  2  3  4  5 |
---------------+----------------+-----
Fighting       | 4 |  4.7
Polearms       | 3 4 |  4.2
Shields        | 5 |  5.0
Armour         | |  3.2

Action                     |  1- 3 |  4- 6 || total
---------------------------+-------+-------++-------
  Melee: Trident           |   123 |   158 ||   281
    Use: Potion            |       |     3 ||     3
         Scroll            |       |     2 ||     2
 Armour: Scale mail        |    28 |   144 ||   172
         Skin              |       |   153 ||   153
  Dodge: Dodged            |    32 |   195 ||   227
  Block: Buckler           |    24 |    61 ||    85
